 Dungeon Crawl Stone Soup version 0.31-a0-819-gf6de2f5ab6 (webtiles) character file.

Game seed: 17458920316652317789

492 dialectric the Poker (level 7, -1/46 HPs)
             Began as an Octopode Fighter on Sept 24, 2023.
             Was an Initiate of Yredelemnul.
             Killed by divine providence
             ... invoked by an orc priest
              (12 damage)
             ... on level 5 of the Dungeon.
             The game lasted 00:04:49 (3194 turns).

dialectric the Poker (Octopode Fighter)             Turns: 3194, Time: 00:04:50

Health: -1/46      AC:  1    Str: 15    XL:     7   Next: 14%
Magic:  0/7        EV: 15    Int: 10    God:    Yredelemnul [......]
Gold:   251        SH:  6    Dex: 20    Spells: 6/6 levels left

rFire   . . .        a - +1 trident
rCold   . . .        b - +0 buckler
rNeg    . . .        (helmet restricted)
rPois   .            i - amulet of guardian spirit
rElec   .            e - +6 ring of dexterity
rCorr   .            (no ring)
SInv    .            (no ring)
Will    .....        (no ring)
Stlth   +++          (no ring)
HPRegen 0.27/turn    (no ring)
MPRegen 0.10/turn    (no ring)
                     (no ring)

%: guardian spirit
@: studying Fighting
A: almost no armour, amphibious, 8 rings, camouflage 1, gelatinous body 1,
(nimble swimmer 1), tentacles
a: Renounce Religion, Recall Undead Harvest


You were on level 5 of the Dungeon.
You worshipped Yredelemnul.
Yredelemnul was noncommittal.
You visited 1 branch of the dungeon, and saw 5 of its levels.

You collected 251 gold pieces.

Inventory:

Hand Weapons
 a - a +1 trident (weapon)
Armour
 b - a +0 buckler (worn)
 n - a scarf of repulsion
Jewellery
 e - a +6 ring of dexterity (left tentacle)
 i - an amulet of guardian spirit (around mantle)
Wands
 d - a wand of flame (12)
Scrolls
 f - 5 scrolls of identify
 g - a scroll of enchant weapon
 j - a scroll of poison
Potions
 c - a potion of might
 h - a potion of mutation {unknown}
 m - 3 potions of heal wounds
 o - 2 potions of curing {unknown}


   Skills:
 - Level 3.0 Fighting
 + Level 6.2 Polearms
 + Level 4.2 Dodging
 - Level 1.6 Stealth
 + Level 3.7 Shields


You had 6 spell levels left.
You didn't know any spells.
Your spell library contained the following spells:

 Spells                   Type           Power      Damage    Failure   Level
 Frozen Ramparts          Ice            0%         1d1       83%         3
 Iskenderun's Mystic Bla  Conj/Tloc      0%         2d3       99%         4
 Petrify                  Tmut/Erth      0%         N/A       99%         4
 Alistair's Intoxication  Tmut/Pois      0%         N/A       100%        5
 Freezing Cloud           Conj/Ice/Air   0%         6-21      100%        5
 Irradiate                Conj/Tmut      0%         3d11      100%        5
 Lee's Rapid Deconstruct  Erth           0%         3d4*      100%        5


Dungeon Overview and Level Annotations

Branches:
Dungeon (5/15)             Temple (0/1) D:4

Altars:
Fedhas
Hepliaklqana
Makhleb
Yredelemnul

Shops:
D:2 (


Innate Abilities, Weirdness & Mutations

You cannot wear most types of armour.
You are amphibious.
You can wear up to eight rings at the same time.
Your skin changes colour to match your surroundings (Stealth+).
Your rubbery body absorbs attacks. (AC +1, EV +1)
((You are camouflaged when in or above water. (Stealth+)))
You have tentacles for arms and can constrict up to eight enemies at once.


Message History

Unknown command.
Aiming: Throw Flame
Press: ? - help, Shift-Dir - straight line, f - gnoll
Aim: a gnoll, wielding a +0 halberd (ally target, 72% to hit)
The puff of flame hits the gnoll.
The gnoll is moderately wounded.
A gnoll comes into view. It is wielding a +0 spear.
Unknown command.
Unknown command.
Aiming: Throw Flame
Press: ? - help, Shift-Dir - straight line, f/p - gnoll
Aim: a gnoll, wielding a +0 halberd (moderately wounded, ally target, 72% to hit)
The puff of flame misses the gnoll.
The gnoll closely misses you.
The orc priest looks braver for a moment.
Your orc zombie hits the gnoll but does no damage.
You are too injured to fight recklessly!
Unknown command.
You are too injured to fight recklessly!
You are too injured to fight recklessly!
Unknown command.
An orc comes into view. It is wielding a +0 whip.
Found a pink potion.
The orc priest barely misses you.
The gnoll hits your orc zombie with a +0 halberd!
Your orc zombie is destroyed!
The gnoll shouts!
You are too injured to fight recklessly!
Unknown command.
You hit the gnoll. You grab the gnoll. You squeeze the gnoll.
You kill the gnoll!
You hear a shout!
An orc wizard comes into view. It is wielding a +0 dagger.
The orc priest hits you with a +0 flail!
* * * LOW HITPOINT WARNING * * *
Ijyb closely misses the orc priest.
An orc priest comes into view. It is wielding a +0 hand axe.
The gnoll barely misses you.
The orc priest calls down the wrath of Beogh upon you.
Beogh smites you!
You die...
Your body rises from the dead as a mindless zombie.

o#.#.##
.#....#
o.....
#>.o..
#...# ##
###..##.!.
#..g......
#.@o.#
#..Z##
#...#
#...#
#...###
#.....#
#..##.#
#..##.#
#..##.#


You could see 2 orc priests, an orc wizard, a gnoll, an orc and the friendly
Ijyb the goblin zombie.

Vanquished Creatures
  An ogre (D:4)
  A howler monkey (D:3)
  A gnoll bouda (D:4)
  Ijyb (D:5)
  2 orc wizards (D:4)
  6 gnolls
  3 adders (D:2)
  A shadow imp (D:5)
  4 dart slugs
  12 orcs
  8 endoplasms
  2 giant cockroaches
  8 goblins
  7 hobgoblins
  3 jackals (D:3)
  A quokka (D:1)
  7 ball pythons
  9 bats
  4 frilled lizards
  10 kobolds
  6 rats
97 creatures vanquished.

Vanquished Creatures (collateral kills)
  A jelly (D:5)
  An adder (D:4)
  2 gnolls (D:4)
  A goblin (D:2)
  2 rats (D:2)
7 creatures vanquished.

Vanquished Creatures (others)
  A bat zombie (D:2)
  A dart slug zombie (D:3)
  A hobgoblin zombie (D:3)
  3 orc zombies
6 creatures vanquished.

Grand Total: 110 creatures vanquished

Notes
Turn   | Place    | Note
-------+----------+-------------------------------------------
     0 | D:1      | dialectric the Octopode Fighter began the quest for the
                  | Orb.
     0 | D:1      | Reached XP level 1. HP: 16/16 MP: 1/1
     2 | D:1      | Got an ancient book
   132 | D:1      | Reached XP level 2. HP: 19/21 MP: 2/2
   272 | D:1      | Reached skill level 1 in Stealth
   330 | D:1      | Reached XP level 3. HP: 26/26 MP: 3/3
   460 | D:1      | Found a faded altar of an unknown god.
   469 | D:1      | Prayed at the altar of an unknown god.
   469 | D:1      | Became a worshipper of Yredelemnul the Dark
   469 | D:1      | Reached * piety under Yredelemnul
   710 | D:2      | Reached skill level 3 in Polearms
   787 | D:2      | Reached XP level 4. HP: 19/31 MP: 4/4
   877 | D:2      | Found Soptasum's Weapon Boutique.
  1073 | D:2      | Reached ** piety under Yredelemnul
  1307 | D:3      | Identified the -2 pair of gloves of the Dungeon {rElec
                  | rPois Regen+ Slay-6}
  1451 | D:3      | Got a well-preserved book
  1501 | D:3      | Reached skill level 4 in Polearms
  1501 | D:3      | Reached XP level 5. HP: 35/36 MP: 5/5
  1581 | D:3      | Found a faded altar of an unknown god.
  1585 | D:3      | Found a blossoming altar of Fedhas.
  1960 | D:4      | Found a burning altar of Makhleb.
  2011 | D:4      | Found a staircase to the Ecumenical Temple.
  2020 | D:4      | Noticed an ogre
  2029 | D:4      | Killed an ogre
  2030 | D:4      | Reached skill level 5 in Polearms
  2030 | D:4      | Reached XP level 6. HP: 23/42 MP: 3/6
  2867 | D:4      | Found a hazy altar of Hepliaklqana.
  2958 | D:5      | Entered Level 5 of the Dungeon
  2963 | D:5      | Identified a scroll of acquirement
  2963 | D:5      | Acquired a manual of Fighting
  2992 | D:5      | Reached skill level 6 in Polearms
  3034 | D:5      | Noticed Ijyb
  3041 | D:5      | Reached XP level 7. HP: 4/46 MP: 0/7
  3049 | D:5      | Killed Ijyb
  3194 | D:5      | Killed from afar by an orc priest

Illustrated notes

Levels and vault maps discovered:
D:1:      minmay_arrival_stone_box, layout_loops_ring, basic_ecumenical_altar,
          minmay_tromino_i2
D:2:      layout_rooms, serial_shops, shop, minmay_misc_feat_x,
          serial_bayou_pond_e, st_stairs_14, dk_noncrumbling_2,
          nicolae_kite_square_tiling_tiny, glass_columns_a
D:3:      layout_basic, nicolae_overflow_ecumenical_swirl, serial_corexii_hall,
          chequers_hall_statues_y, chequers_hall_statues_wall_a,
          minmay_misc_feat_iff
D:4:      cheibrodos_old_hovel, layout_basic, nicolae_hepliaklqana_hippocampus,
          general_overflow_altar, minmay_temple_entry_glassed_door
D:5:      layout_loops_ring, mainiacjoe_overflow_alcove_1, enter_ossuary_2,
          portal_sewer_entry_e, chequers_arboretum, uniq_ijyb

Skill      XL: |  1  2  3  4  5  6 |
---------------+-------------------+-----
Stealth        | 1 |  1.6
Polearms       | 3 4 5 6 |  6.2
Dodging        | 4 |  4.2
Fighting       | |  3.0
Shields        | |  3.7

Action                     |  1- 3 |  4- 6 |  7- 9 || total
---------------------------+-------+-------+-------++-------
  Melee: Trident           |    83 |   119 |    11 ||   213
         Constrict         |    18 |    23 |     3 ||    44
         Tentacles         |     6 |    19 |     6 ||    31
         Punch             |       |       |     1 ||     1
  Evoke: Wand              |       |       |     2 ||     2
    Use: Scroll            |       |     7 |       ||     7
         Potion            |       |       |     1 ||     1
   Stab: Sleeping          |    15 |     8 |       ||    23
         Distracted        |       |     2 |       ||     2
 Armour: Skin              |    26 |    44 |     8 ||    78
  Dodge: Dodged            |    29 |    65 |    10 ||   104
  Block: Buckler           |     5 |    32 |     1 ||    38

Table legend: (Time is in decaauts)
 A = Elapsed time spent in this place.
 B = Non-inter-level travel time spent in this place.
 C = Inter-level travel time spent in this place.
 D = Time resting spent in this place.
 E = Time spent auto-exploring this place.
 F = Levels seen in this place.
 G = Mean time per level.
                   A        B        C        D        E       F      G
               +--------+--------+--------+--------+--------+-----+--------+
         Total |   3221 |   3125 |     96 |      0 |   2394 |   5 |  644.2 |
       Dungeon |   3221 |   3125 |     96 |      0 |   2394 |   5 |  644.2 |
               +--------+--------+--------+--------+--------+-----+--------+

Top non-repeatable levels by time:
     D:4: 1136 daAuts
     D:1: 718 daAuts
     D:2: 583 daAuts
     D:3: 547 daAuts
     D:5: 236 daAuts
